 Dungeon Crawl Stone Soup version 0.30-a0-55-g90e3122c3a (webtiles) character file.

Game seed: 17363555863371560839

821 pascalblue the Destroyer (level 7, -8/36 HPs)
             Began as a Deep Elf Conjurer on Sept 9, 2022.
             Was a Follower of Vehumet.
             Mangled by a two-headed ogre
             ... wielding a +0 giant club
              (15 damage)
             ... on level 6 of the Dungeon.
             The game lasted 00:13:15 (5474 turns).

pascalblue the Destroyer (Deep Elf Conjurer)        Turns: 5474, Time: 00:13:17

Health: -8/36      AC:  3    Str:  4    XL:     7   Next: 63%
Magic:  10/19      EV: 12    Int: 25    God:    Vehumet [*.....]
Gold:   342        SH:  0    Dex: 13    Spells: 8/19 levels left

rFire   . . .      SeeInvis .    f - +2 flail (protect)
rCold   . . .      Faith    +    (no shield)
rNeg    . . .      Spirit   .    a - +0 robe
rPois   .          Reflect  .    (no helmet)
rElec   .          Harm     .    s - +0 cloak
rCorr   .          Rampage  .    (no gloves)
Will    +....                    (no boots)
Stlth   ++........               l - amulet of faith
HPRegen 0.12/turn                p - ring of willpower
MPRegen 0.16/turn                x - ring of wizardry

@: about to teleport
A: no striking features
a: Renounce Religion


You were on level 6 of the Dungeon.
You worshipped Vehumet.
Vehumet was aware of your devotion.
You visited 1 branch of the dungeon, and saw 6 of its levels.

You collected 342 gold pieces.

Inventory:

Hand Weapons
 f - a +2 flail of protection (weapon)
Missiles
 k - a throwing net
Armour
 a - a +0 robe (worn)
 s - a +0 cloak (worn)
Jewellery
 l - an amulet of faith (around neck)
 p - a ring of willpower (left hand)
 x - a ring of wizardry (right hand)
Wands
 r - a wand of iceblast (18)
 w - a wand of polymorph (7)
Scrolls
 h - 2 scrolls of teleportation
Potions
 b - a potion of magic
 d - a potion of invisibility
 e - a potion of cancellation
 g - 2 potions of curing
 i - a potion of degeneration
 j - a potion of ambrosia
 m - 2 potions of attraction
 q - a potion of might {unknown}
 t - a potion of lignification {unknown}
 u - a potion of flight {unknown}


   Skills:
 - Level 2.4 Dodging
 - Level 2.4 Stealth
 + Level 6.7 Spellcasting
 * Level 8.5 Conjurations
 + Level 3.0 Evocations


You had 8 spell levels left.
You knew the following spells:

 Your Spells              Type           Power      Damage    Failure   Level
a - Magic Dart            Conj           100%       1d8       1%          1
b - Searing Ray           Conj           100%       2d8       1%          2
c - Fulminant Prism       Conj/Hex       14%        3d9       4%          4
d - Iskenderun's Mystic   Conj/Tloc      29%        2d7       4%          4

Your spell library contained the following spells:

 Spells                   Type           Power      Damage    Failure   Level
 Shock                    Conj/Air       100%       1d9       1%          1
 Static Discharge         Conj/Air       58%        3-7/arc   1%          2
 Dazzling Flash           Conj/Hex       58%        N/A       1%          3
 Beastly Appendage        Tmut           16%        N/A       2%          1
 Wereblood                Tmut           8%         N/A       4%          2
 Spider Form              Tmut/Pois      8%         N/A       9%          3
 Lightning Bolt           Conj/Air       14%        1d28      13%         5
 Maxwell's Capacitive Co  Air            4%         ∞         100%        8


Dungeon Overview and Level Annotations

Branches:
Dungeon (6/15)
 Temple: D:4-7

Altars:
Elyvilon
Makhleb
Ru
Vehumet

Shops:
D:5 ?

Annotations:
D:4 3 runed translucent doors, ytrimaz's ghost, novice OpTm


Message History

(Press . to maintain the ray.)
The searing ray hits the hound!
You kill the hound!
Vehumet accepts your kill.
A two-headed ogre comes into view. It is wielding two +0 giant clubs.
The searing ray hits the black bear!
The black bear is moderately wounded.
You finish channelling your searing ray.
The two-headed ogre shouts in stereo!
You hear an angry hiss.
An adder comes into view.
Casting: Searing Ray (safe; 1% risk of failure)
Confirm with . or Enter, or press ? or * to list all spells.
Aiming: Searing Ray (safe; 1% risk of failure)
Press: ? - help, Shift-Dir - straight line, f - black bear
Aim: a black bear (moderately wounded, 87% to hit)
The searing ray hits the black bear.
The black bear is heavily wounded. (Press . to maintain the ray.)
The black bear closely misses you. The black bear barely misses you. x2
The searing ray hits the black bear!
The black bear is almost dead.
The black bear bites you. The black bear closely misses you.
The black bear claws you.
The searing ray hits the black bear.
You kill the black bear!
Vehumet accepts your kill.
You feel your power returning.
The searing ray hits the adder!
The adder is almost dead.
Your Evocations skill increases to level 3!
The searing ray hits the adder!
You kill the adder!
Vehumet accepts your kill.
You finish channelling your searing ray.
As you read the scroll of teleportation, it crumbles to dust.
You feel strangely unstable.
The two-headed ogre hits you with a +0 giant club!!
Ouch! That really hurt!
* * * LOW HITPOINT WARNING * * *
The two-headed ogre hits you with a +0 giant club!
You die...

####.## ##..# ...##
.##...####..## #....#.
.#...........# ##.$.....
...#))...##..###........
...###..................
#..####).......<†.....#
#..##...######...#
#..#...).# ##O##
#....##..## #.@#
##..####..####..# # #.##
##..##...## ###.#
##.......### ##..##
###..........#
.....###..#.......#....
.....#...###.....##...#
........## ##...## ..#
###......# #..## ..#


You could see a two-headed ogre.

Vanquished Creatures
  A water moccasin (D:6)
  A black bear (D:6)
  A centaur (D:5)
  A bullfrog (D:6)
  A howler monkey (D:4)
  A jelly (D:5)
  3 hounds
  4 iguanas
  An orc wizard (D:5)
  4 gnolls (D:6)
  7 adders
  2 worms
  A dart slug (D:3)
  7 orcs
  6 ball pythons
  6 endoplasms
  3 giant cockroaches
  6 goblins
  2 hobgoblins
  10 jackals
  2 quokkas
  5 bats
  4 frilled lizards
  3 kobolds
  8 rats
90 creatures vanquished.

Vanquished Creatures (others)
  3 fungi (D:3)
3 creatures vanquished.

Grand Total: 93 creatures vanquished

Notes
Turn   | Place    | Note
-------+----------+-------------------------------------------
     0 | D:1      | pascalblue the Deep Elf Conjurer began the quest for the
                  | Orb.
     0 | D:1      | Reached XP level 1. HP: 10/10 MP: 6/6
   289 | D:1      | Reached XP level 2. HP: 15/15 MP: 6/8
   783 | D:1      | Found a faded altar of an unknown god.
  1040 | D:1      | Reached skill level 5 in Conjurations
  1262 | D:2      | Learned a level 2 spell: Searing Ray
  1365 | D:2      | Reached XP level 3. HP: 19/19 MP: 5/10
  2121 | D:3      | Reached XP level 4. HP: 18/24 MP: 7/12
  2678 | D:4      | Reached skill level 6 in Conjurations
  2764 | D:4      | Reached XP level 5. HP: 28/28 MP: 5/14
  2809 | D:4      | Reached skill level 5 in Spellcasting
  2958 | D:4      | Found a white marble altar of Elyvilon.
  2958 | D:4      | Found a radiant altar of Vehumet.
  2974 | D:4      | Became a worshipper of Vehumet
  3147 | D:4      | Noticed ytrimaz's ghost (novice OpTm)
  3174 | D:4      | Found a runed translucent gate.
  3174 | D:4      | Found a runed translucent gate.
  3174 | D:4      | Found a runed translucent gate.
  3612 | D:5      | Entered Level 5 of the Dungeon
  3612 | D:5      | Found Zyuci's Magic Scroll Emporium.
  3618 | D:5      | Reached skill level 7 in Conjurations
  3903 | D:5      | Noticed a centaur
  3908 | D:5      | Killed a centaur
  3909 | D:5      | Reached XP level 6. HP: 25/32 MP: 7/16
  3914 | D:5      | Learned a level 4 spell: Fulminant Prism
  3919 | D:5      | Learned a level 4 spell: Iskenderun's Mystic Blast
  3969 | D:5      | Reached skill level 1 in Evocations
  4050 | D:5      | Found a burning altar of Makhleb.
  4050 | D:5      | Noticed a cacodemon
  4314 | D:5      | Found a sacrificial altar of Ru.
  4900 | D:6      | Noticed a water moccasin
  4909 | D:6      | Killed a water moccasin
  4910 | D:6      | Reached XP level 7. HP: 3/36 MP: 7/18
  4910 | D:6      | HP: 1/36 [poisoned by a water moccasin]
  5150 | D:6      | Reached skill level 8 in Conjurations
  5342 | D:6      | Reached * piety under Vehumet
  5342 | D:6      | Offered knowledge of Shock by Vehumet.
  5465 | D:6      | Noticed a two-headed ogre
  5474 | D:6      | Mangled by a two-headed ogre

Illustrated notes

Levels and vault maps discovered:
D:1:      spicycebolla_green_bress_n_ham_2, layout_basic,
          hellmonk_ecumenical_altar_inner_sanctum
D:2:      layout_rooms, hangedman_decor_growths, minmay_misc_feat_chi
D:3:      layout_rooms, chequers_garden, dreamdust_mushroom_princess
D:4:      layout_basic, chequers_temple_overflow_statue_of_worship,
          gammafunk_ghost_split
D:5:      layout_loops_cross, makhleb_altar_promises_db, old_standard_altar,
          serial_shops, nicolae_square_shop
D:6:      lemuel_ratsnest, layout_layer_cave, gup_sewer_entry_bubbles,
          minmay_between

Skill      XL: |  1  2  3  4  5  6  7 |
---------------+----------------------+-----
Conjurations   | 5 6 7 8 |  8.5
Spellcasting   | 4 5 6 |  6.7
Evocations     | 2 3 |  3.0
Dodging        | |  2.4
Stealth        | |  2.4

Action                   |  1- 3 |  4- 6 |  7- 9 || total
-------------------------+-------+-------+-------++-------
Melee: Unarmed           |       |     1 |       ||     1
 Cast: Magic Dart        |    72 |    91 |    11 ||   174
       Searing Ray       |       |    15 |     8 ||    23
  Use: Scroll            |       |    13 |     1 ||    14
       Potion            |       |       |     1 ||     1
Armor: Robe              |       |     4 |     1 ||     5
Dodge: Dodged            |     1 |    23 |     8 ||    32

Table legend: (Time is in decaauts)
 A = Elapsed time spent in this place.
 B = Non-inter-level travel time spent in this place.
 C = Inter-level travel time spent in this place.
 D = Time resting spent in this place.
 E = Time spent auto-exploring this place.
 F = Levels seen in this place.
 G = Mean time per level.
                   A        B        C        D        E       F      G
               +--------+--------+--------+--------+--------+-----+--------+
         Total |   5471 |   5326 |    145 |      0 |   4692 |   6 |  911.8 |
       Dungeon |   5471 |   5326 |    145 |      0 |   4692 |   6 |  911.8 |
               +--------+--------+--------+--------+--------+-----+--------+

Top non-repeatable levels by time:
     D:1: 1258 daAuts
     D:5: 1232 daAuts
     D:4: 1077 daAuts
     D:2: 702 daAuts
     D:6: 627 daAuts
     D:3: 572 daAuts
